[Event "Titled Tuesday Blitz June 13 Early 2023"]
[White "Vaibhav, Suri"]
[Black "Fieberg, Samuel"]
[WhiteFideId "5045185"]
[BlackFideId "12901717"]
[WhiteElo "2494"]
[BlackElo "2565"]
[Result "0-1"]
[Round "6"]
[TimeControl "180+2"]
[Date "2023.06.13"]
[WhiteClock "0:01:58"]
[BlackClock "0:01:03"]
[Board "46"]

1. d4 d5 2. Nf3 c5 3. e3 Nf6 4. dxc5 e6 5. b4 a5 6. c3 axb4 7. cxb4 b6 8. Bb2 bxc5 9. b5 c4 10. a4 Bb4+ 11. Bc3 Qa5 12. Bxb4 Qxb4+ 13. Qd2 Rxa4 14. Qxb4 Rxb4 15. Nc3 O-O 16. Nd4 e5 17. Nc2 Rb3 18. Kd2 Bf5 19. Ra2 Rd8 20. Na1 Rb4 21. Ra4 Rxa4 22. Nxa4 Ne4+ 23. Ke1 Nd7 24. f3 Ra8 25. fxe4 Rxa4 26. exf5 Rxa1+ 27. Kf2 c3 0-1


[Site "https://www.chess.com"]

[Event "Titled Tuesday Blitz June 13 Early 2023"]
[White "Matinian, Nikita"]
[Black "Jaskolka, Tomasz"]
[WhiteFideId "24129100"]
[BlackFideId "1170791"]
[WhiteElo "2422"]
[BlackElo "2155"]
[Result "1-0"]
[Round "6"]
[TimeControl "180+2"]
[Date "2023.06.13"]
[WhiteClock "0:00:37"]
[BlackClock "0:00:19"]
[Board "47"]

1. e4 d5 2. exd5 Nf6 3. d4 Bg4 4. Be2 Bxe2 5. Nxe2 Qxd5 6. O-O e6 7. b3 c6 8. c4 Qh5 9. Nbc3 Bd6 10. Bf4 Bxf4 11. Nxf4 Qxd1 12. Raxd1 O-O 13. d5 cxd5 14. cxd5 exd5 15. Ncxd5 Nxd5 16. Rxd5 Nc6 17. Rd7 Rab8 18. h4 Rfd8 19. Rfd1 Kf8 20. Nh5 a6 21. f4 g6 22. Nf6 Kg7 23. Ne4 h6 24. Kf2 Re8 25. Kf3 Rbd8 26. Rxd8 Rxd8 27. Rxd8 Nxd8 28. Nc5 a5 29. Ke4 Kf6 30. g4 h5 31. g5+ Ke7 32. Kd5 Nc6 33. Nxb7 Nb4+ 34. Ke4 Nxa2 35. Nxa5 Nc3+ 36. Ke5 Ne2 37. b4 Ng1 38. Ke4 Ne2 39. Ke5 Ng1 40. b5 Nf3+ 41. Ke4 Nxh4 42. b6 Nf5 43. b7 Nd6+ 44. Ke5 Nxb7 45. Nxb7 h4 46. Nd6 h3 47. Ne4 h2 48. Ng3 Ke8 49. Ke4 Ke7 50. Ke5 Ke8 51. Kf6 Kf8 52. Nh1 Ke8 53. Nf2 Kf8 54. Ke5 Ke7 55. Ke4 Ke6 56. Kf3 Kf5 57. Kg3 f6 58. gxf6 Kxf6 59. Kxh2 Kf5 60. Nh3 g5 61. fxg5 Kg6 62. Kg3 Kh5 63. Kf4 Kg6 64. Kg4 Kg7 65. Kf5 Kh7 66. g6+ Kh6 67. Kf6 Kh5 68. g7 Kg4 69. g8=Q+ Kh4 70. Kf5 Kh5 71. Qg5# 1-0


[Site "https://www.chess.com"]

[Event "Titled Tuesday Blitz June 13 Early 2023"]
[White "Liyanage, Ranindu Dilshan"]
[Black "Shubenkova, Veronika"]
[WhiteFideId "9915834"]
[BlackFideId "44124040"]
[WhiteElo "2216"]
[BlackElo "2060"]
[Result "0-1"]
[Round "6"]
[TimeControl "180+2"]
[Date "2023.06.13"]
[WhiteClock "0:00:02"]
[BlackClock "0:00:07"]
[Board "48"]

1. e4 e6 2. d4 d5 3. Nc3 Nf6 4. exd5 exd5 5. Bd3 Bd6 6. Nge2 c6 7. O-O O-O 8. Ng3 Bg4 9. f3 Be6 10. Nce2 Qc7 11. c3 Nbd7 12. f4 Bg4 13. h3 Bxe2 14. Qxe2 Rfe8 15. Qf3 Nf8 16. Bd2 c5 17. Rae1 cxd4 18. cxd4 Qb6 19. Nf5 Bb4 20. Bc3 Ng6 21. g4 Bxc3 22. bxc3 Qc7 23. h4 Rxe1 24. Rxe1 Qxc3 25. Rd1 Re8 26. Qg3 Qc7 27. Rf1 Ne4 28. Qf3 Nd2 29. Qxd5 Nxf1 30. Bxf1 Nxf4 31. Qc4 Qd7 32. h5 g6 33. Qc1 Ne2+ 34. Bxe2 Rxe2 35. Qg5 Qe8 36. Nh6+ Kf8 37. Qc5+ Kg7 38. Qg5 Re1+ 0-1


[Site "https://www.chess.com"]

[Event "Titled Tuesday Blitz June 13 Early 2023"]
[White "Kielinkei"]
[Black "Rastbod, Ali"]
[BlackFideId "12567477"]
[WhiteElo "2493"]
[BlackElo "2281"]
[Result "0-1"]
[Round "6"]
[TimeControl "180+2"]
[Date "2023.06.13"]
[WhiteClock "0:00:00"]
[BlackClock "0:00:42"]
[Board "49"]

1. Nf3 c5 2. g3 Nc6 3. Bg2 g6 4. O-O Bg7 5. e4 d6 6. d3 Nf6 7. c4 O-O 8. Nc3 Rb8 9. a3 a6 10. Rb1 b5 11. cxb5 axb5 12. b4 Ne8 13. Bd2 Bg4 14. h3 Bxf3 15. Bxf3 Nd4 16. Bg2 Nc7 17. f4 Qc8 18. Kh2 Qa6 19. Ra1 c4 20. dxc4 bxc4 21. Ra2 Nb3 22. Be1 e6 23. Rff2 Rfd8 24. a4 Rxb4 25. Nb5 Rxb5 26. axb5 Qxb5 27. Rac2 d5 28. e5 d4 29. Bd2 d3 30. Ra2 Nd5 31. Bxd5 exd5 32. f5 d4 33. fxg6 hxg6 34. Qf3 Qd5 35. Qf4 Bxe5 36. Qh6 Bg7 37. Qf4 Nxd2 38. Ra7 Ne4 39. Rxf7 Nxf2 0-1


[Site "https://www.chess.com"]

[Event "Titled Tuesday Blitz June 13 Early 2023"]
[White "Hajiyev, Kanan"]
[Black "krucki03"]
[WhiteFideId "13404148"]
[WhiteElo "2115"]
[BlackElo "2477"]
[Result "1-0"]
[Round "6"]
[TimeControl "180+2"]
[Date "2023.06.13"]
[WhiteClock "0:00:11"]
[BlackClock "0:00:00"]
[Board "50"]

1. d4 Nf6 2. Nf3 c5 3. c3 b6 4. Bf4 Bb7 5. e3 e6 6. Bd3 Be7 7. O-O O-O 8. Nbd2 d5 9. Ne5 Ne4 10. Qc2 f5 11. c4 Nxd2 12. Qxd2 Nd7 13. Rfd1 Nb8 14. Rac1 Nd7 15. b3 Rc8 16. Qe2 Nf6 17. h3 Bd6 18. cxd5 Bxd5 19. Ba6 Rc7 20. Nd3 cxd4 21. exd4 Ne4 22. Bc4 Bxf4 23. Nxf4 Qd6 24. Bxd5 Rxc1 25. Bxe6+ Kh8 26. Rxc1 Qxf4 27. Rd1 Nc3 28. Qd2 Qc7 29. Re1 Nb5 30. d5 Nd6 31. Qd3 g6 32. Qd4+ Qg7 33. Qd2 Re8 34. Rc1 Qe5 35. Rc7 Ne4 36. Qc2 Nc5 37. Rxa7 Nxe6 38. dxe6 Qe1+ 39. Kh2 Qe5+ 40. g3 Rxe6 41. Qc8+ Re8 42. Qd7 1-0


[Site "https://www.chess.com"]

[Event "Titled Tuesday Blitz June 13 Early 2023"]
[White "Andreassen, Lars"]
[Black "Ivanchuk, Vasyl"]
[WhiteFideId "1504878"]
[BlackFideId "14100010"]
[WhiteElo "2119"]
[BlackElo "2710"]
[Result "0-1"]
[Round "6"]
[TimeControl "180+2"]
[Date "2023.06.13"]
[WhiteClock "0:00:09"]
[BlackClock "0:01:19"]
[Board "51"]

1. d4 f5 2. Nf3 Nf6 3. g3 g6 4. Bg2 Bg7 5. O-O O-O 6. c4 d6 7. Nc3 c6 8. b3 Na6 9. Bb2 Qc7 10. a3 e5 11. d5 c5 12. Nb5 Qe7 13. Qc2 Nc7 14. Nxc7 Qxc7 15. a4 Bd7 16. Ng5 Rae8 17. Rad1 h6 18. Nf3 g5 19. Nd2 e4 20. e3 Re7 21. h3 Be8 22. Rde1 Nd7 23. Bxg7 Kxg7 24. f4 exf3 25. Nxf3 Bg6 26. Qc3+ Kg8 27. h4 Nf6 28. hxg5 Ne4 29. Qb2 hxg5 30. Nd2 Nxg3 31. Rf3 f4 32. Bh3 Bf5 33. Bxf5 Rxf5 34. Qc2 Ree5 35. Nf1 Nxf1 36. Rexf1 Qg7 37. R1f2 fxe3 38. Rxf5 exf2+ 39. Qxf2 Qe7 40. Kf1 Rxf5 41. Qxf5 Qf7 42. Qxf7+ Kxf7 0-1


[Site "https://www.chess.com"]

[Event "Titled Tuesday Blitz June 13 Early 2023"]
[White "Aditya Mittal"]
[Black "robertoalejandro10"]
[WhiteFideId "35042025"]
[WhiteElo "2421"]
[BlackElo "2598"]
[Result "0-1"]
[Round "6"]
[TimeControl "180+2"]
[Date "2023.06.13"]
[WhiteClock "0:00:07"]
[BlackClock "0:00:19"]
[Board "52"]

1. d4 Nf6 2. c4 c5 3. d5 d6 4. Nc3 g6 5. e4 Bg7 6. Be2 O-O 7. Be3 Na6 8. Nf3 Nc7 9. Nd2 Bd7 10. O-O a6 11. a4 b5 12. axb5 axb5 13. cxb5 Rb8 14. Qc2 Nxb5 15. Nxb5 Bxb5 16. Nc4 Nd7 17. Ra2 Bxc4 18. Bxc4 Rb4 19. Bd2 Rb8 20. Ba5 Nb6 21. Be2 Qd7 22. Rfa1 e6 23. dxe6 Qxe6 24. h3 Rfe8 25. Bxb6 Rxb6 26. Bd3 Bd4 27. Kh1 Rb4 28. f3 Qf6 29. Bc4 Reb8 30. Ra7 Rxb2 31. Qd1 R2b7 32. Rxb7 Rxb7 33. Rb1 Rxb1 34. Qxb1 Be5 35. Kg1 Qf4 36. Kf1 Bd4 37. Qb7 Qc1+ 38. Ke2 Qxc4+ 39. Kd2 Qc3+ 40. Kd1 Be3 41. Qd5 Qd4+ 42. Ke2 Qxd5 43. exd5 Bd4 44. Kd3 Kg7 45. Kc4 Kf6 46. f4 Kf5 47. g3 h5 48. Kb5 h4 49. gxh4 Kxf4 50. Kc6 Ke5 51. Kd7 c4 52. Ke7 c3 53. h5 c2 54. hxg6 fxg6 55. h4 Kf5 56. h5 gxh5 57. Kxd6 c1=Q 58. Kd7 Ke5 59. d6 Qc5 60. Ke8 Qxd6 61. Kf7 Qf6+ 62. Ke8 Qg7 0-1


[Site "https://www.chess.com"]

[Event "Titled Tuesday Blitz June 13 Early 2023"]
[White "Vignesh N R"]
[Black "Becerra, Juan David"]
[WhiteFideId "25012215"]
[BlackFideId "4404998"]
[WhiteElo "2415"]
[BlackElo "2304"]
[Result "1-0"]
[Round "6"]
[TimeControl "180+2"]
[Date "2023.06.13"]
[WhiteClock "0:00:28"]
[BlackClock "0:00:00"]
[Board "53"]

1. Nf3 d5 2. g3 Bg4 3. Bg2 Nd7 4. h3 Bxf3 5. Bxf3 c6 6. O-O e5 7. d3 Ngf6 8. e4 dxe4 9. dxe4 Bc5 10. a4 a5 11. Qe2 O-O 12. Nd2 Qe7 13. Nc4 Rfd8 14. Bd2 Bb4 15. c3 Bc5 16. Kg2 Nb6 17. Nxb6 Bxb6 18. Rfd1 Rd7 19. Qc4 Qc5 20. Qxc5 Bxc5 21. Be1 Rad8 22. Rxd7 Rxd7 23. h4 h5 24. Kf1 Kf8 25. Ke2 Ke7 26. Bg2 Bb6 27. Rc1 Rd6 28. Rc2 Ng4 29. Bf3 g6 30. b4 axb4 31. cxb4 f5 32. b5 Kd7 33. a5 Bc7 34. a6 bxa6 35. bxa6 Bb6 36. Ra2 Ba7 37. Rb2 Ke6 38. Rb7 Rd7 39. exf5+ gxf5 40. Bxc6 Rxb7 41. Bxb7 e4 42. f3 exf3+ 43. Bxf3 Kf6 44. Bxg4 hxg4 45. Bf2 1-0


[Site "https://www.chess.com"]

[Event "Titled Tuesday Blitz June 13 Early 2023"]
[White "Horvath, Dominik"]
[Black "Spata, German"]
[WhiteFideId "1642561"]
[BlackFideId "113026"]
[WhiteElo "2407"]
[BlackElo "2260"]
[Result "1-0"]
[Round "6"]
[TimeControl "180+2"]
[Date "2023.06.13"]
[WhiteClock "0:01:09"]
[BlackClock "0:00:00"]
[Board "54"]

1. e4 g6 2. d4 Bg7 3. h4 h5 4. Rh3 d5 5. Re3 dxe4 6. Rxe4 Nf6 7. Re2 Bg4 8. f3 Bf5 9. Bg5 O-O 10. Nc3 Qd6 11. Rd2 Qg3+ 12. Rf2 Nc6 13. Nge2 Qd6 14. Nb5 Qb4+ 15. Nec3 Nd5 16. Bd2 Nf6 17. a3 Qxb2 18. Ra2 Bxc2 19. Rxb2 Bxd1 20. Kxd1 Rad8 21. Be3 a6 22. Nxc7 Nxd4 23. Rfd2 Nf5 24. Bg5 Rc8 25. N7d5 Nxd5 26. Nxd5 Bxb2 27. Rxb2 Rfd8 28. Rd2 Kg7 29. Nxe7 Rxd2+ 30. Kxd2 Nxe7 31. Bxe7 Rc7 32. Bb4 b5 33. Bd3 f6 34. Ke3 g5 35. g3 Kf7 36. Kd4 Rc1 37. Be4 Rg1 38. Bd5+ Kg6 39. Bd6 Rh1 40. hxg5 fxg5 41. f4 Rd1+ 42. Ke5 h4 43. f5+ Kg7 44. gxh4 gxh4 45. Ke6 Re1+ 46. Be5+ Kf8 47. f6 h3 48. Kd6 Re2 49. Bb7 h2 50. Bxa6 1-0


[Site "https://www.chess.com"]

[Event "Titled Tuesday Blitz June 13 Early 2023"]
[White "Portela Peleteiro, Alberto"]
[Black "Stribuk, Artiom"]
[WhiteFideId "22276106"]
[BlackFideId "13515659"]
[WhiteElo "2353"]
[BlackElo "2303"]
[Result "0-1"]
[Round "6"]
[TimeControl "180+2"]
[Date "2023.06.13"]
[WhiteClock "0:00:30"]
[BlackClock "0:00:05"]
[Board "55"]

1. e4 c5 2. Ne2 d6 3. g3 Nc6 4. Bg2 g6 5. d4 cxd4 6. Nxd4 Bg7 7. Ne2 h5 8. h3 Nf6 9. Nbc3 O-O 10. O-O Rb8 11. a4 a6 12. Nd5 b5 13. axb5 axb5 14. Bg5 Ne5 15. Nd4 Bd7 16. Ra7 Re8 17. b3 Nxd5 18. exd5 Qb6 19. Ra2 Qxd4 20. Qxd4 Nf3+ 21. Bxf3 Bxd4 22. Kg2 f6 23. Be3 Bxe3 24. fxe3 Rec8 25. Be4 Kf7 26. Ra7 Be8 27. Rfa1 f5 28. Bd3 Kf6 29. h4 Rc5 30. e4 Rbc8 31. exf5 gxf5 32. Re1 R8c7 33. Re6+ Kf7 34. Rxc7 Rxc7 35. Kf3 Kg7 36. Kf4 Bf7 37. Re1 Kf6 38. c4 bxc4 39. Bxc4 Rc5 40. Rd1 Ra5 41. Rd2 Ra1 42. Bd3 Rc1 43. Bxf5 Rc3 44. Rd3 Rc5 45. Be4 Rb5 46. Rf3 Rb4 47. Ke3+ Kg7 48. Rf5 Rxb3+ 49. Kf4 Rb2 50. g4 Rf2+ 51. Kg5 Rxf5+ 52. gxf5 Be8 53. Bf3 Bf7 54. Bg2 Be8 55. Bh1 Bf7 56. Bf3 Kf8 57. f6 Be8 58. Kf5 Bf7 59. Bg2 Be8 60. Ke6 Bf7+ 61. Kd7 exf6 62. Kxd6 Ke8 63. Bf3 Kd8 64. Be4 Bg8 65. Bf5 Bf7 66. Be6 Bg6 67. Bh3 Bf7 68. Be6 Be8 69. Bf5 Bf7 70. Be4 Be8 71. Bg6 Bxg6 72. Ke6 Be4 73. d6 Bf3 74. Kxf6 Bg4 75. Ke5 Kd7 0-1


[Site "https://www.chess.com"]

[Event "Titled Tuesday Blitz June 13 Early 2023"]
[White "Bodnaruk, Anastasia"]
[Black "Bryakin, Mikhail"]
[WhiteFideId "4181751"]
[BlackFideId "4165314"]
[WhiteElo "2304"]
[BlackElo "2464"]
[Result "0-1"]
[Round "6"]
[TimeControl "180+2"]
[Date "2023.06.13"]
[WhiteClock "0:00:00"]
[BlackClock "0:00:08"]
[Board "56"]

1. e4 c5 2. Nc3 Nc6 3. Bb5 g6 4. Bxc6 dxc6 5. d3 Bg7 6. Be3 b6 7. f4 Nf6 8. h3 O-O 9. Nge2 Ne8 10. O-O Nc7 11. f5 gxf5 12. exf5 Nd5 13. Nxd5 Qxd5 14. c4 Qe5 15. Bf4 Qxf5 16. Ng3 Qg6 17. Qf3 e5 18. Bd2 f5 19. Nh5 Bh6 20. Bc3 e4 21. dxe4 f4 22. Rad1 Bg5 23. e5 Be6 24. Rd6 Rae8 25. b3 b5 26. Qxc6 bxc4 27. bxc4 f3 28. Rxf3 Rxf3 29. Qxf3 Rf8 30. Nf6+ Bxf6 31. exf6 Bf7 32. Kh2 Re8 33. Rd7 h5 34. Rxa7 Re4 35. Ra8+ Kh7 36. Ra7 Re8 37. Re7 Rg8 38. a4 h4 39. a5 Qg3+ 40. Qxg3 hxg3+ 41. Kg1 Kg6 42. Kf1 Rb8 43. a6 Bxc4+ 44. Ke1 Bxa6 45. Rg7+ Kh6 46. f7 Rf8 47. Be5 Bc4 48. Rxg3 Rxf7 49. Rg4 Bd5 50. Bf4+ Kh7 51. Be3 c4 52. Bd4 Re7+ 53. Kd2 Rd7 54. Kc3 Be6 55. Rg5 Kh6 56. Re5 Bd5 57. g4 Bg2 58. h4 Bf1 59. g5+ Kh5 60. Bf2 Rb7 61. Re6 Rb3+ 62. Kc2 Rf3 63. Rh6+ Kg4 64. Be1 Re3 65. Bd2 Bd3+ 66. Kc3 Re8 67. g6 Rg8 68. Kd4 Bxg6 69. Kxc4 Be4 70. Kd4 Bf5 71. Bg5 Bg6 72. Ke3 Kf5 73. Kd4 Re8 74. Kc3 Rc8+ 75. Kb4 Rg8 76. Kb5 Kg4 77. Kb4 Bh5 78. Kb5 Re8 79. Rd6 Re2 80. Rd4+ Kf5 81. Kc5 Bf7 82. Kb4 Be6 83. Kc5 Rc2+ 84. Kb4 Ke5 85. Rd8 Rc4+ 86. Ka3 Rc3+ 87. Kb2 Rh3 88. Re8 Kf5 89. Bd8 Bd5 0-1


[Site "https://www.chess.com"]

[Event "Titled Tuesday Blitz June 13 Early 2023"]
[White "Deng, Henry"]
[Black "Hayrapetyan, Hovik"]
[WhiteFideId "30965454"]
[BlackFideId "13302639"]
[WhiteElo "2569"]
[BlackElo "2348"]
[Result "1-0"]
[Round "6"]
[TimeControl "180+2"]
[Date "2023.06.13"]
[WhiteClock "0:00:13"]
[BlackClock "0:00:00"]
[Board "57"]

1. e4 c5 2. Nc3 d6 3. Bb5+ Nd7 4. Be2 g6 5. f4 Bg7 6. Nf3 e6 7. O-O Ne7 8. d3 b6 9. Qe1 Bb7 10. Be3 O-O 11. d4 cxd4 12. Bxd4 e5 13. fxe5 dxe5 14. Be3 Rc8 15. Rd1 a6 16. Qd2 Nc5 17. Qxd8 Rfxd8 18. Rxd8+ Rxd8 19. Bxc5 bxc5 20. Re1 f6 21. Bc4+ Kf8 22. Kf2 h5 23. Na4 Rc8 24. Rd1 Bxe4 25. Nb6 Ke8 26. Nxc8 Nxc8 27. Bxa6 Na7 28. Bd3 Bxd3 29. cxd3 Kd7 30. Nd2 Nc6 31. Rc1 Kd6 32. Ne4+ Ke6 33. Nxc5+ Kd5 34. Ne4 Nb4 35. Ke2 Nxa2 36. Ra1 Nb4 37. Ra5+ Ke6 38. Rb5 Nd5 39. Nc5+ Kd6 40. Ne4+ Ke6 41. Nc3 Nf4+ 42. Kd2 Bh6 43. g3 Ng2+ 44. Kc2 Ne1+ 45. Kb3 Nxd3 46. Rb6+ Kf5 47. Nd5 Nc5+ 48. Kc4 Ne4 49. Ne7+ Kg4 50. Kd5 Nd2 51. Rxf6 e4 52. Rxg6+ Bg5 53. h4 e3 54. Rxg5+ Kf3 55. Nf5 Nf1 56. Nxe3 Nxe3+ 57. Ke6 Nc4 58. Rxh5 Nxb2 59. Rg5 Nd3 60. h5 Nf2 61. h6 Ne4 62. Rg6 1-0


[Site "https://www.chess.com"]

[Event "Titled Tuesday Blitz June 13 Early 2023"]
[White "Mahdavi, Reza"]
[Black "Shukhman, Anna"]
[WhiteFideId "12595926"]
[BlackFideId "54180058"]
[WhiteElo "2395"]
[BlackElo "2235"]
[Result "1-0"]
[Round "6"]
[TimeControl "180+2"]
[Date "2023.06.13"]
[WhiteClock "0:00:19"]
[BlackClock "0:00:15"]
[Board "58"]

1. e4 Nf6 2. e5 Nd5 3. d4 d6 4. c4 Nb6 5. exd6 cxd6 6. Nc3 g6 7. Be3 Bg7 8. Rc1 O-O 9. b3 d5 10. c5 Nc6 11. cxb6 e5 12. Nge2 exd4 13. Nxd4 Bxd4 14. Bxd4 Qh4 15. Bc5 Re8+ 16. Be2 axb6 17. Bxb6 d4 18. O-O dxc3 19. Rxc3 Rxa2 20. Bc4 Be6 21. Re3 Qf6 22. Qd6 Qe7 23. Qf4 Qd7 24. Rfe1 Re7 25. Bc5 Re8 26. h3 Raa8 27. Rd3 Qc8 28. Rde3 Qd7 29. Qd6 Qxd6 30. Bxd6 Nd4 31. Re4 Nf5 32. Bb4 Bd7 33. g4 Nh4 34. Re7 Nf3+ 35. Kf1 Nxe1 36. Bxf7+ Kh8 37. Bc3# 1-0


[Site "https://www.chess.com"]

[Event "Titled Tuesday Blitz June 13 Early 2023"]
[White "Klukin, Kirill"]
[Black "Budrewicz, Krzysztof"]
[WhiteFideId "24199273"]
[BlackFideId "1127950"]
[WhiteElo "2344"]
[BlackElo "2230"]
[Result "0-1"]
[Round "6"]
[TimeControl "180+2"]
[Date "2023.06.13"]
[WhiteClock "0:00:00"]
[BlackClock "0:00:27"]
[Board "59"]

1. e4 g6 2. f4 d5 3. e5 c5 4. Nf3 Nc6 5. g3 Nh6 6. Bg2 Bg7 7. O-O O-O 8. Nc3 Bg4 9. h3 Bxf3 10. Qxf3 e6 11. Ne2 Nf5 12. c3 h5 13. d3 b5 14. Qf2 Rc8 15. g4 hxg4 16. hxg4 Nh6 17. Bf3 b4 18. Be3 bxc3 19. bxc3 c4 20. dxc4 dxc4 21. Rad1 Qa5 22. Qh4 Qxa2 23. Rd2 Qa5 24. f5 Nxg4 25. Bxg4 exf5 26. Rxf5 Nxe5 27. Rxe5 Qxe5 28. Bf4 Qc5+ 29. Nd4 Rcd8 30. Be3 Qa3 31. Rc2 Rde8 32. Qf2 a5 33. Bd7 Rd8 34. Bb5 Qc5 35. Ba4 Qe5 36. Rd2 Qe4 37. Bc6 Qg4+ 38. Qg2 Qxg2+ 39. Kxg2 Rd6 40. Bb5 Rc8 41. Ra2 Rd5 42. Ba4 f5 43. Kf3 Be5 44. Ne2 Rd3 45. Kf2 f4 46. Bxf4 Bxf4 47. Nxf4 Rf8 0-1


[Site "https://www.chess.com"]

[Event "Titled Tuesday Blitz June 13 Early 2023"]
[White "Gavrilov, Maxim"]
[Black "Maximov, Dmitry"]
[WhiteFideId "24271454"]
[BlackFideId "14105659"]
[WhiteElo "1969"]
[BlackElo "2494"]
[Result "0-1"]
[Round "6"]
[TimeControl "180+2"]
[Date "2023.06.13"]
[WhiteClock "0:00:21"]
[BlackClock "0:01:19"]
[Board "60"]

1. d4 Nf6 2. c4 g6 3. Nf3 Bg7 4. g3 O-O 5. Bg2 d6 6. O-O Nbd7 7. Nc3 e5 8. e4 c6 9. h3 a5 10. Be3 a4 11. Nxa4 Nxe4 12. dxe5 dxe5 13. Nb6 Nxb6 14. Qxd8 Rxd8 15. Bxb6 Re8 16. Rfe1 Nd6 17. Nd2 Be6 18. b3 e4 19. Rad1 f5 20. a4 Nf7 21. f3 exf3 22. Nxf3 h6 23. Re2 Ng5 24. Nxg5 hxg5 25. Rde1 Kf7 26. Rd1 Bf6 27. Kf2 Be7 28. Red2 Bb4 29. Rd3 Re7 30. Rd8 Rxd8 31. Rxd8 g4 32. hxg4 fxg4 33. Rb8 Bf5 34. Bd4 Be1+ 35. Kg1 Bxg3 36. Bf2 Bxb8 0-1


[Site "https://www.chess.com"]

[Event "Titled Tuesday Blitz June 13 Early 2023"]
[White "Skawinski, Arkadiusz"]
[Black "Aradhya, Garg"]
[WhiteFideId "1126415"]
[BlackFideId "25006746"]
[WhiteElo "2218"]
[BlackElo "2263"]
[Result "1-0"]
[Round "6"]
[TimeControl "180+2"]
[Date "2023.06.13"]
[WhiteClock "0:00:31"]
[BlackClock "0:00:05"]
[Board "61"]

1. e4 e5 2. Nf3 Nc6 3. Bb5 a6 4. Ba4 Bc5 5. O-O d6 6. c3 Bd7 7. d4 Ba7 8. h3 Nf6 9. Re1 O-O 10. Bg5 h6 11. Bh4 Re8 12. Bb3 g5 13. Nxg5 hxg5 14. Bxg5 Kg7 15. Re3 Ne7 16. Rf3 Neg8 17. Rg3 Kf8 18. h4 exd4 19. h5 Qc8 20. Qd2 Nxh5 21. Bh6+ Ke7 22. Rg5 Ngf6 23. e5 dxe5 24. Rxe5+ Kd8 25. Rxh5 Nxh5 26. Qg5+ f6 27. Qxh5 Re1+ 28. Kh2 dxc3 29. Nxc3 Rxa1 30. Qf7 c5 31. Nd5 Qc6 32. Bf4 Qe6 33. Qf8+ Be8 34. Nxf6 Qe1 35. Qd6+ Bd7 36. Qxd7# 1-0


[Site "https://www.chess.com"]

[Event "Titled Tuesday Blitz June 13 Early 2023"]
[White "Lehtosaari, Mauri"]
[Black "Starozhilov, Leonid"]
[WhiteFideId "501999"]
[BlackFideId "14106752"]
[WhiteElo "2562"]
[BlackElo "2352"]
[Result "0-1"]
[Round "6"]
[TimeControl "180+2"]
[Date "2023.06.13"]
[WhiteClock "0:00:03"]
[BlackClock "0:00:05"]
[Board "62"]

1. d4 Nf6 2. Nf3 g6 3. Bg5 Bg7 4. Nbd2 d6 5. c3 O-O 6. e3 Nc6 7. Bc4 e5 8. O-O Qe7 9. dxe5 dxe5 10. Ne4 Bf5 11. Nxf6+ Bxf6 12. Bxf6 Qxf6 13. Qa4 a6 14. Bd5 Nd8 15. Qh4 Qxh4 16. Nxh4 Bd3 17. Rfd1 e4 18. f3 Re8 19. f4 c5 20. c4 Rb8 21. a4 Kg7 22. g3 Nc6 23. f5 Nb4 24. fxg6 hxg6 25. Ng2 f5 26. Nf4 Nc2 27. Ne6+ Kf6 28. Nxc5 Nxe3 29. Nd7+ Kg5 30. Nxb8 Nxd1 31. Rxd1 Rxb8 32. b4 b6 33. Kf2 Kf6 34. Ke3 Ke5 35. h4 a5 36. b5 Rc8 37. Rh1 Bxc4 38. Bxc4 Rxc4 39. h5 Rc3+ 40. Kf2 gxh5 41. Rxh5 Rc2+ 42. Kf1 e3 43. g4 Rf2+ 44. Ke1 Ke4 45. g5 f4 46. g6 Rg2 47. Rh6 Rg1+ 48. Ke2 f3# 0-1


[Site "https://www.chess.com"]

[Event "Titled Tuesday Blitz June 13 Early 2023"]
[White "Arat, Ufuk Sezen"]
[Black "Djordjevic, Vuk"]
[WhiteFideId "6309089"]
[BlackFideId "902098"]
[WhiteElo "2289"]
[BlackElo "2463"]
[Result "0-1"]
[Round "6"]
[TimeControl "180+2"]
[Date "2023.06.13"]
[WhiteClock "0:00:04"]
[BlackClock "0:00:13"]
[Board "63"]

1. e4 e6 2. d4 d5 3. Nc3 Bb4 4. exd5 exd5 5. Bd3 Nf6 6. Ne2 O-O 7. O-O Nc6 8. a3 Bxc3 9. bxc3 h6 10. Ng3 Qd6 11. a4 Re8 12. h3 Be6 13. Qf3 Ne7 14. a5 Ng6 15. Nf5 Bxf5 16. Qxf5 Ne4 17. c4 Nc3 18. Ba3 Qc6 19. cxd5 Qxd5 20. Qxd5 Nxd5 21. Rab1 b6 22. Bb5 Re6 23. Rbe1 Ngf4 24. Rxe6 Nxe6 25. c4 Nxd4 26. cxd5 Nxb5 27. Rb1 Nxa3 28. Rc1 Nb5 29. Rb1 Nc3 0-1


[Site "https://www.chess.com"]

[Event "Titled Tuesday Blitz June 13 Early 2023"]
[White "Postny, Evgeny"]
[Black "Vovk, Orest"]
[WhiteFideId "2804344"]
[BlackFideId "14113490"]
[WhiteElo "2504"]
[BlackElo "2215"]
[Result "1-0"]
[Round "6"]
[TimeControl "180+2"]
[Date "2023.06.13"]
[WhiteClock "0:00:39"]
[BlackClock "0:00:02"]
[Board "64"]

1. e4 g5 2. d4 g4 3. Qxg4 d5 4. Qe2 dxe4 5. Qxe4 Nf6 6. Qh4 Nc6 7. c3 Rg8 8. h3 Qd5 9. Nf3 Bf5 10. Na3 O-O-O 11. Nc4 Qe4+ 12. Qxe4 Bxe4 13. Be3 Bxf3 14. gxf3 Nd5 15. Bd3 Nxe3 16. fxe3 Rg2 17. O-O-O Bh6 18. f4 Rdg8 19. Bxh7 R8g3 20. Be4 Re2 21. Bxc6 bxc6 22. Rdg1 Rf3 23. Rf1 Rg3 24. Rhg1 Rxh3 25. Rh1 Reh2 26. Rxh2 Rxh2 27. Ne5 f6 28. Nxc6 Kd7 29. Nb4 Kd6 30. Nd3 Kd5 31. Rf2 Rh3 32. Kd2 c5 33. Nxc5 e5 34. Nd3 Ke4 35. Re2 exf4 36. Nf2+ 1-0


[Site "https://www.chess.com"]

[Event "Titled Tuesday Blitz June 13 Early 2023"]
[White "Wagner, Dennis"]
[Black "Pinheiro, Iung Alicio de O."]
[WhiteFideId "24650684"]
[BlackFideId "2104350"]
[WhiteElo "2478"]
[BlackElo "2283"]
[Result "1-0"]
[Round "6"]
[TimeControl "180+2"]
[Date "2023.06.13"]
[WhiteClock "0:00:39"]
[BlackClock "0:00:00"]
[Board "65"]

1. e4 e5 2. Nf3 Nc6 3. Bb5 a6 4. Ba4 d6 5. O-O Bd7 6. c3 Nge7 7. d4 Ng6 8. Be3 Be7 9. Nbd2 O-O 10. Re1 b5 11. Bc2 exd4 12. cxd4 Nb4 13. Bb1 c5 14. d5 Bf6 15. Qc1 c4 16. a3 Nd3 17. Bxd3 cxd3 18. Qb1 Ne5 19. Nxe5 Bxe5 20. f4 Bf6 21. Ra2 b4 22. Qxd3 Bb5 23. Qb3 bxa3 24. bxa3 Rc8 25. a4 Rc3 26. Qb4 Bd3 27. e5 Qc7 28. exf6 Re8 29. Kf2 Rc1 30. Rxc1 Qxc1 31. Qa3 Qd1 32. Qxd3 g5 33. Qf5 1-0


[Site "https://www.chess.com"]

[Event "Titled Tuesday Blitz June 13 Early 2023"]
[White "Maatman, Nick"]
[Black "Parondo, Rolly"]
[WhiteFideId "1040391"]
[BlackFideId "5217407"]
[WhiteElo "2711"]
[BlackElo "2141"]
[Result "1-0"]
[Round "6"]
[TimeControl "180+2"]
[Date "2023.06.13"]
[WhiteClock "0:00:27"]
[BlackClock "0:00:18"]
[Board "66"]

1. d4 Nf6 2. c4 g6 3. Nf3 Bg7 4. Nc3 d6 5. e4 O-O 6. Be2 e5 7. O-O exd4 8. Nxd4 Re8 9. f3 c6 10. Kh1 Nbd7 11. Bf4 Nh5 12. Bxd6 Qf6 13. e5 Nxe5 14. Ne4 Qh4 15. g3 Qd8 16. c5 Bh3 17. Re1 h6 18. Qc2 Qc8 19. Rad1 Kh7 20. Nf2 Bd7 21. f4 Ng4 22. Bxg4 Bxg4 23. Rxe8 Qxe8 24. Nxg4 Bxd4 25. Rxd4 Qe1+ 26. Kg2 Re8 27. Be5 Re7 28. Qd2 Qb1 29. Nf6+ Nxf6 30. Bxf6 Re6 31. Be5 Qxa2 32. Rd8 Rxe5 33. fxe5 1-0


[Site "https://www.chess.com"]